 Dungeon Crawl Stone Soup version 0.21-a0-227-g58a7c62 (webtiles) character file.

22367 Leszczynek the Grappler (level 12, -17/123 HPs)
             Began as a Troll Skald on Aug 30, 2017.
             Was an Elder of the Shining One.
             Demolished by a cyclops (28 damage)
             ... on level 14 of the Dungeon.
             The game lasted 00:40:10 (6877 turns).

Leszczynek the Grappler (Troll Skald)               Turns: 6877, Time: 00:40:11

Health: -17/123    AC:  7    Str: 22    XL:     12   Next: 62%
Magic:  15/15      EV: 14    Int: 12    God:    the Shining One [****..]
Gold:   312        SH:  0    Dex: 16    Spells: 7/13 levels left

rFire    . . .     SeeInvis .     - Unarmed
rCold    . . .     Gourm    +   (no shield)
rNeg     + + .     Faith    .   s - +0 troll leather armour
rPois    .         Spirit   .   (helmet restricted)
rElec    .         Reflect  .   (no cloak)
rCorr    .         Harm     .   (gloves unavailable)
MR       .....     Clarity  +   (boots unavailable)
Stlth    ..........             m - amulet of rage
HPRegen  1.10/turn              t - +6 ring of dexterity
MPRegen  0.14/turn              M - ring of loudness (curse)

@: about to teleport, glowing
A: unfitting armour, claws 3, clarity, fast metabolism 3, gourmand, regeneration
1, shaggy fur 1, tough skin 2
a: Divine Shield, Cleansing Flame, Renounce Religion, Evoke Berserk Rage


You were on level 14 of the Dungeon.
You worshipped the Shining One.
The Shining One was greatly pleased with you.
You were full.

You visited 1 branch of the dungeon, and saw 14 of its levels.
You also visited: Sewer and Bailey.

You collected 499 gold pieces.
You spent 187 gold pieces at shops.

Inventory:

Hand Weapons
 b - a +2 hand axe of flaming
Missiles
 u - 6 javelins
 E - 2 tomahawks
 F - 8 large rocks (quivered)
 L - 2 poisoned tomahawks
Armour
 s - a +0 troll leather armour (worn)
Jewellery
 i - an uncursed ring of fire
 j - an uncursed amulet of faith
 m - an amulet of rage (around neck)
 t - a +6 ring of dexterity (left claw)
 M - a cursed ring of loudness (right claw)
Wands
 k - a wand of disintegration (14/24)
 x - a wand of iceblast (13/15)
 C - a wand of confusion (26/48)
 D - a wand of flame (26/48)
 I - a wand of lightning (4/15)
Scrolls
 a - a scroll of remove curse {unknown}
 e - a scroll of fog
 g - a scroll of recharging
 o - 3 scrolls of teleportation
 y - a scroll of holy word {unknown}
 A - a scroll of fear
Potions
 f - a potion of heal wounds {unknown}
 h - a potion of agility
 p - 2 potions of curing {@q1}
 r - a potion of mutation {unknown}
 v - 2 potions of flight
 G - a potion of berserk rage {unknown}
 K - a potion of brilliance {unknown}
Miscellaneous
 w - a lightning rod (4/4)
 H - a box of beasts
Comestibles
 c - 3 fruits
 d - 3 bread rations
 n - 3 royal jellies
 q - 2 meat rations


   Skills:
 - Level 9.0 Fighting
 * Level 7.0 Throwing
 - Level 7.0 Dodging
 - Level 13.1 Unarmed Combat
 - Level 1.2 Spellcasting
 - Level 2.0 Charms
 - Level 6.2 Invocations
 - Level 1.3 Evocations


You had 7 spell levels left.
You knew the following spells:

 Your Spells              Type           Power        Failure   Level  Hunger
a - Song of Slaying       Chrm           #.......     22%         2    ###....
b - Shroud of Golubria    Chrm/Tloc      #.........   34%         2    ###....
B - Blink                 Tloc           N/A          45%         2    ###....


Dungeon Overview and Level Annotations

Branches:
Dungeon (14/15)              Lair (0/6) D:11            Orc (0/2) D:10
 Temple: D:4-7       Vaults: D:13-14

Altars:
Fedhas
Nemelex Xobeh
The Shining One
Lugonu

Shops:
D:11 [   D:14 *

Annotations:
D:3 Grinder
D:6 Blork the orc
D:9 1 transporter (2 rings, gold, 2 staves)
D:10 some large vault (ugly things)
D:11 exclusion: 2 oklob plants
D:12 large vault
D:13 Erolcha
D:14 STATUE HEEEERREEEEEEE, exclusion: Roxanne, Roxanne


Innate Abilities, Weirdness & Mutations

You are too large for most types of armour.
You have claws for hands.
Your metabolism is lightning-fast.
You like to eat raw meat.
Your natural rate of healing is unusually fast.
You are covered in fur. (AC +1)
You have very tough skin. (AC +2)
You possess an exceptional clarity of mind.


Message History

The vampire mosquito closely misses you.
The centaur warrior closely misses you. The cyclops hits you!
* * * LOW HITPOINT WARNING * * *
Unknown command.
Unknown command.
You claw the centaur warrior!
You kill the centaur warrior!
Your Throwing skill increases to level 7!
The unseen horror hits you.
* * * LOW HITPOINT WARNING * * *
The vampire mosquito closely misses you.
The vampire mosquito barely misses you.
Unknown command.
You claw the vampire mosquito!
The vampire mosquito is heavily damaged.
The vampire mosquito bites you.
* * * LOW HITPOINT WARNING * * *
The vampire mosquito draws strength from your injuries!
The cyclops hits you!!
You die...

##. #.. .... #..#
..... #...# .....
...... #D(.##
#..... 8....
#...## #..5..
....# #(..###...#
#...# ##xy.#...#
....# ##@C((D#
#...# ##)..##
#..># ##.....##
#...# ##(..#...##
[...######
##..[###...##
.........#
##...## ##...##
.........###..c##
##...#
###########.c.##
##.....# ##...##
##...##


You could see a storm dragon, a seven-headed hydra, a cyclops, an unseen horror
(invisible), a vampire mosquito and a shadow imp (wandering).

Vanquished Creatures
  Nessos (D:13)
  2 hydras
  A rakshasa (D:14)
  3 two-headed ogres
  2 tengu warriors
  2 centaur warriors (D:14)
  2 unseen horrors (D:14)
  2 deep elf magi
  3 ugly things
  2 cyclopes
  A manticore (D:14)
  A centaur skeleton (D:11)
  A komodo dragon (D:14)
  3 trolls
  A polar bear (D:10)
  A hornet (D:10)
  Prince Ribbit (D:6)
  A harpy skeleton (D:14)
  4 hippogriffs
  A shadow (D:14)
  A yak (D:10)
  2 vampires
  A wyvern (D:14)
  A hungry ghost (D:12)
  4 vampire mosquitoes (D:14)
  An acid dragon (D:13)
  A water moccasin (D:9)
  6 ice beasts
  7 orc warriors
  A black bear (D:9)
  A sky beast (D:6)
  6 ogres
  3 phantoms
  2 eyes of draining
  9 centaurs
  A boggart (D:14)
  A necrophage (D:13)
  A wolf (D:10)
  7 bullfrogs
  4 scorpions
  10 killer bees
  8 wights
  3 howler monkeys
  5 crimson imps
  A bullfrog zombie (D:8)
  A centaur zombie (D:6)
  6 orc priests
  6 jellies
  6 hounds
  12 orc wizards
  An iguana (D:11)
  9 worker ants
  A hound zombie (D:11)
  A howler monkey zombie (D:8)
  4 worker ant zombies
  2 gnolls
  12 adders
  2 river rats (D:4)
  5 shadow imps
  A white imp (D:10)
  5 oozes (Sewer)
  An adder skeleton (D:5)
  2 worms
  14 leopard geckos
  21 orcs
  9 ball pythons (Sewer)
  2 bats
  17 giant cockroaches
  4 goblins (D:11)
  4 hobgoblins
  7 quokkas
  17 frilled lizards
  2 kobolds (D:2)
  A quokka skeleton (D:4)
  8 rats
305 creatures vanquished.

Vanquished Creatures (others)
  A plant (D:2)
1 creature vanquished.

Grand Total: 306 creatures vanquished

Notes
Turn   | Place    | Note
-------+----------+-------------------------------------------
     0 | D:1      | Leszczynek the Troll Skald began the quest for the Orb.
     0 | D:1      | Reached XP level 1. HP: 19/19 MP: 1/1
   124 | D:2      | Reached XP level 2. HP: 23/27 MP: 2/2
   128 | D:2      | Learned a level 2 spell: Shroud of Golubria
   189 | D:3      | Reached skill level 3 in Unarmed Combat
   333 | D:3      | Noticed Grinder
   375 | D:2      | Reached XP level 3. HP: 29/33 MP: 0/3
   440 | D:2      | Found a blossoming altar of Fedhas.
   540 | D:3      | Reached skill level 4 in Unarmed Combat
   628 | D:4      | Reached XP level 4. HP: 15/41 MP: 4/4
   775 | D:4      | Reached skill level 5 in Unarmed Combat
   787 | D:4      | Reached XP level 5. HP: 29/48 MP: 5/5
   794 | D:4      | Found a glowing drain.
   807 | Sewer    | Entered a sewer
   984 | Sewer    | HP: 9/48 [adder (1)]
   985 | Sewer    | Reached skill level 6 in Unarmed Combat
   989 | Sewer    | HP: 5/48 [poisoned by an adder]
   994 | Sewer    | HP: 3/48 [poisoned by an adder]
  1000 | Sewer    | HP: 3/48 [poisoned by an adder]
  1005 | Sewer    | HP: 5/48 [poisoned by an adder]
  1010 | Sewer    | HP: 8/48 [poisoned by an adder]
  1163 | Sewer    | Reached XP level 6. HP: 55/55 MP: 6/6
  1274 | D:5      | Entered Level 5 of the Dungeon
  1274 | D:5      | Noticed an ice beast
  1274 | D:5      | Noticed a sky beast
  1363 | D:5      | Reached skill level 7 in Unarmed Combat
  1523 | D:6      | Noticed a sky beast
  1538 | D:6      | Killed a sky beast
  1538 | D:6      | Reached skill level 2 in Fighting
  1538 | D:6      | Reached XP level 7. HP: 50/65 MP: 7/7
  1620 | D:6      | Reached skill level 8 in Unarmed Combat
  1749 | D:7      | Reached skill level 3 in Fighting
  1893 | D:6      | Noticed a hippogriff
  1905 | D:6      | Killed a hippogriff
  1905 | D:6      | Reached skill level 4 in Fighting
  1905 | D:6      | Reached XP level 8. HP: 48/78 MP: 8/8
  1924 | D:6      | HP: 4/78 [orc warrior/flail (24)]
  1948 | D:6      | HP: 1/78 [orc warrior/flail (18)]
  2147 | D:8      | Reached skill level 5 in Fighting
  2157 | D:8      | Reached skill level 9 in Unarmed Combat
  2175 | D:8      | Reached skill level 2 in Dodging
  2200 | D:6      | Noticed Blork the orc
  2200 | D:6      | Noticed Prince Ribbit
  2326 | D:7      | Reached skill level 3 in Dodging
  2492 | D:10     | Entered Level 10 of the Dungeon
  2509 | D:9      | Reached skill level 4 in Dodging
  2509 | D:9      | Reached XP level 9. HP: 48/89 MP: 9/9
  2553 | D:9      | Found a transporter.
  2560 | D:9      | Found a corrupted altar of Lugonu.
  2562 | D:9      | oh look
  2562 | D:9      | ALTAR
  2562 | D:9      | maybe i should go in
  2574 | D:9      | Found a sparkling altar of Nemelex Xobeh.
  2579 | D:9      | really
  2685 | D:8      | Reached skill level 6 in Fighting
  2790 | D:6      | Reached skill level 5 in Dodging
  2928 | D:6      | Killed Prince Ribbit
  2975 | D:6      | Found a glowing golden altar of the Shining One.
  2981 | D:6      | Became a worshipper of the Shining One
  3098 | D:8      | Learned a level 2 spell: Song of Slaying
  3182 | D:8      | Learned a level 2 spell: Blink
  3318 | D:9      | Reached skill level 6 in Dodging
  3538 | D:10     | HP: 24/138 [orc warrior/trident (11)]
  3649 | D:10     | Paralysed by a hornet for 3 turns
  3653 | D:10     | HP: 25/138 [poisoned by a hornet]
  3654 | D:10     | Reached XP level 10. HP: 27/100 MP: 10/10
  3658 | D:10     | HP: 11/100 [poisoned by a hornet]
  3779 | D:10     | some funny vault here
  3790 | D:10     | Found a staircase to the Orcish Mines.
  3796 | D:10     | and found this too, cool
  3806 | D:10     | Noticed a purple ugly thing
  3823 | D:10     | Noticed a white ugly thing
  3899 | D:10     | Reached skill level 7 in Fighting
  3899 | D:10     | Reached skill level 10 in Unarmed Combat
  4052 | D:11     | Found Namixaoc's Armour Emporium.
  4065 | D:11     | gloves, boots, naga barding, centaur barding, but no cloaks
  4065 | D:11     | well there's a plain +2 robe if i'm really desperate (i'm not)
  4114 | D:11     | Found a flagged portal.
  4121 | D:11     | Reached * piety under the Shining One
  4150 | Bailey   | Entered a bailey
  4152 | Bailey   | one of the crossbows baileys
  4152 | Bailey   | out
  4175 | D:11     | Noticed a two-headed ogre
  4222 | D:11     | HP: 10/102 [two-headed ogre/giant club (14)]
  4237 | D:11     | HP: 7/102 [two-headed ogre/giant club (13)]
  4383 | D:11     | Killed a two-headed ogre
  4434 | D:11     | Noticed a purple ugly thing
  4454 | D:11     | Killed a purple ugly thing
  4454 | D:11     | Reached skill level 11 in Unarmed Combat
  4458 | D:11     | Reached skill level 7 in Dodging
  4635 | D:11     | Noticed a cyclops
  4652 | D:11     | Killed a cyclops
  4652 | D:11     | Reached skill level 1 in Evocations
  4697 | D:11     | Noticed an oklob plant
  4701 | D:11     | Found a staircase to the Lair.
  4701 | D:11     | Noticed an oklob plant
  4702 | D:11     | wow
  4702 | D:11     | and i'm with tso
  4702 | D:11     | oh boy
  4753 | D:12     | Reached ** piety under the Shining One
  4802 | D:12     | Reached skill level 1 in Throwing
  4802 | D:12     | Reached XP level 11. HP: 73/111 MP: 11/11
  4921 | D:13     | Noticed Nessos
  4938 | D:13     | Killed Nessos
  4938 | D:13     | Reached skill level 8 in Fighting
  4976 | D:13     | Noticed a tengu warrior
  4983 | D:13     | Reached skill level 12 in Unarmed Combat
  4990 | D:13     | Killed a tengu warrior
  5008 | D:13     | HP: 19/113 [orc/hand axe (5)]
  5102 | D:13     | Noticed a green ugly thing
  5109 | D:13     | Killed a green ugly thing
  5171 | D:13     | Noticed a five-headed hydra
  5181 | D:13     | Killed a one-headed hydra
  5193 | D:13     | motherfucking hand axe of flaming baby
  5240 | D:13     | Reached skill level 1 in Invocations
  5309 | D:13     | Noticed Erolcha
  5356 | D:12     | Noticed a two-headed ogre
  5375 | D:12     | Killed a two-headed ogre
  5375 | D:12     | Reached skill level 9 in Fighting
  5375 | D:12     | Reached skill level 2 in Invocations
  5553 | D:12     | Noticed a brown ugly thing
  5567 | D:12     | Killed a brown ugly thing
  5567 | D:12     | Reached skill level 3 in Invocations
  5568 | D:12     | Reached *** piety under the Shining One
  5582 | D:12     | Gained mutation: You possess an exceptional clarity of mind. [mutagenic meat]
  5606 | D:12     | Noticed a deep elf mage
  5633 | D:12     | Killed a deep elf mage
  5636 | D:12     | ow
  5651 | D:12     | vault here
  5781 | D:13     | Reached skill level 2 in Throwing
  5885 | D:14     | Noticed a rakshasa
  5919 | D:14     | nope
  6000 | D:14     | Noticed a centaur warrior
  6012 | D:14     | Killed a centaur warrior
  6012 | D:14     | Reached skill level 13 in Unarmed Combat
  6012 | D:14     | Reached skill level 4 in Invocations
  6019 | D:14     | Found Qoux's General Store.
  6028 | D:14     | plz something goog
  6028 | D:14     | good
  6038 | D:14     | Bought a potion of flight for 51 gold pieces
  6038 | D:14     | Bought a scroll of identify for 34 gold pieces
  6038 | D:14     | Bought 2 scrolls of teleportation for 102 gold pieces
  6042 | D:14     | well, at least it's 2 tp
  6090 | D:14     | Noticed a two-headed ogre
  6105 | D:14     | Killed a two-headed ogre
  6105 | D:14     | Reached XP level 12. HP: 102/123 MP: 14/14
  6220 | D:14     | Reached skill level 3 in Throwing
  6243 | D:14     | Noticed a tengu warrior
  6350 | D:14     | i either found vaults
  6350 | D:14     | but it would be a weird entrance
  6350 | D:14     | or some normal deep D vault which will kill me :)
  6361 | D:14     | Killed a tengu warrior
  6361 | D:14     | Reached skill level 5 in Invocations
  6427 | D:14     | Reached skill level 4 in Throwing
  6428 | D:14     | Noticed a centaur warrior
  6432 | D:14     | kek
  6432 | D:14     | Noticed a five-headed hydra
  6492 | D:14     | Killed a one-headed hydra
  6492 | D:14     | Reached skill level 5 in Throwing
  6604 | D:14     | Killed a rakshasa
  6672 | D:14     | Reached skill level 6 in Throwing
  6672 | D:14     | Reached skill level 6 in Invocations
  6681 | D:14     | HP: 19/123 [vampire mosquito (6)]
  6682 | D:14     | Noticed a five-headed hydra
  6682 | D:14     | Reached **** piety under the Shining One
  6785 | D:14     | Noticed Roxanne
  6790 | D:14     | oh, statue
  6790 | D:14     | just need to not get killed
  6790 | D:14     | kek
  6874 | D:14     | Noticed a seven-headed hydra
  6874 | D:14     | HP: 23/123 [centaur warrior (9)]
  6875 | D:14     | Noticed a storm dragon
  6876 | D:14     | Killed a centaur warrior
  6876 | D:14     | Reached skill level 7 in Throwing
  6877 | D:14     | HP: 11/123 [vampire mosquito (6)]
  6877 | D:14     | Demolished by a cyclops

Vault maps used:
D:1:      dpeg_arrival_simpleton_c, minmay_split_cup_small
D:2:      wad_woods_stonehenge, first_bread
D:3:      nicolae_ashenzari_panopticon, uniq_grinder, uniq_jessica, uniq_terence
D:4:      lemuel_round_altar, portal_sewer_entry_e, okawaru_metal_pillars_1_2
D:5:      gammafunk_temple_overflow_statue, temple_green
D:6:      cheibrodos_barr_body, kennysheep_flooded_box, minivault_22,
          chequers_big_river, uniq_blork_the_orc, uniq_prince_ribbit1
D:7:      makhleb_altar_promises_db, eat_drink_and_be_merry_uskayaw, basic_altar
D:8:      serial_curves, eino_curves_03, eino_curves_04
D:9:      gammafunk_corrupted_shrine, lemuel_doored_altar
D:10:     cheibrodos_breeding_chamber, serial_ice, serial_ice_e, serial_ice_n,
          serial_ice_i, serial_ice_a, serial_ice_d
D:11:     dpeg_oklobed_lair, enter_bailey_3, serial_shops, shop
D:12:     minmay_elf_outpost
D:13:     grunt_vaults_entry_tiered, uniq_nessos, uniq_erolcha
D:14:     evilmike_diamond_1, serial_shops, nicolae_shop_trees, glass_columns_a,
          uniq_roxanne
Sewer:    sewer_frog_island_02
Bailey:   bailey_polearm_4, bailey

Skill      XL: |  1  2  3  4  5  6  7  8  9 10 11 12 |
---------------+-------------------------------------+-----
Unarmed Combat | 3 4 5 6 7 8 9 11 13 | 13.1
Fighting       | 2 4 5 6 7 9 |  9.0
Dodging        | 4 6 7 |  7.0
Evocations     | 1 |  1.3
Throwing       | 1 2 7 |  7.0
Invocations    | 4 6 |  6.2
Spellcasting   | |  1.2
Charms         | |  2.0

Action                   |  1- 3 |  4- 6 |  7- 9 | 10-12 || total
-------------------------+-------+-------+-------+-------++-------
Melee: Unarmed           |   117 |   228 |   300 |   377 ||  1022
       Punch             |     2 |     5 |    12 |    17 ||    36
       Hand axe          |       |       |       |    10 ||    10
Throw: Javelin           |       |       |     2 |     3 ||     5
       Large rock        |       |       |       |     6 ||     6
 Cast: Shroud of Golubri |     2 |     1 |     4 |     4 ||    11
Invok: Divine Shield     |       |       |       |     5 ||     5
 Abil: Evoke Berserk Rag |       |       |     3 |    12 ||    15
Evoke: Lightning rod     |       |       |       |     3 ||     3
       Wand              |       |       |       |     1 ||     1
  Use: Scroll            |       |       |     6 |    18 ||    24
       Potion            |       |       |       |     2 ||     2
  Eat: Chunk             |    11 |     8 |    25 |    50 ||    94
Armor: Robe              |    40 |    83 |    53 |    38 ||   214
       Troll leather arm |       |       |       |    40 ||    40
Dodge: Dodged            |    53 |   102 |   142 |   252 ||   549
Block: Other             |       |       |       |    30 ||    30

Table legend:
 A = Spawn XP
 B = Non-spawn XP
 C = Spawn XP percentage of total XP
 D = Spawn monster count
 E = Non-spawn monster count
 F = Spawn count percentage of total count
 G = Total turns spent on level
                    A         B        C        D         E        F      G
               +---------+---------+-------+---------+---------+-------+---------
         Total |    1084 |   30870 |   3.4 |      12 |     293 |   3.9 |  6877
               +---------+---------+-------+---------+---------+-------+---------
           D:1 |       0 |       3 |   0.0 |       0 |       1 |   0.0 |    81
           D:2 |       0 |      43 |   0.0 |       0 |      17 |   0.0 |   274
           D:3 |       0 |      24 |   0.0 |       0 |       6 |   0.0 |   276
           D:4 |       0 |     151 |   0.0 |       0 |      16 |   0.0 |   244
           D:5 |       0 |      56 |   0.0 |       0 |       2 |   0.0 |   173
           D:6 |       0 |    1644 |   0.0 |       0 |      26 |   0.0 |   553
           D:7 |       0 |     788 |   0.0 |       0 |      15 |   0.0 |   593
           D:8 |       0 |    1414 |   0.0 |       0 |      26 |   0.0 |   480
           D:9 |       0 |     696 |   0.0 |       0 |      11 |   0.0 |   351
          D:10 |      13 |    1375 |   0.9 |       1 |      15 |   6.2 |   594
          D:11 |      67 |    3900 |   1.7 |       1 |      27 |   3.6 |   679
          D:12 |      68 |    3476 |   1.9 |       2 |      22 |   8.3 |   575
          D:13 |     590 |    5614 |   9.5 |       3 |      24 |  11.1 |   647
          D:14 |     346 |   11407 |   2.9 |       5 |      28 |  15.2 |   919
         Sewer |       0 |     279 |   0.0 |       0 |      57 |   0.0 |   435
               +---------+---------+-------+---------+---------+-------+---------
